 Dungeon Crawl Stone Soup version 0.30.0-5-g1a98f26d00 (webtiles) character file.

Game seed: 7774386189900328263

1 Irreverend the Caller (level 1, -2/7 HPs)
             Began as a Felid Summoner on May 8, 2023.
             Frozen to death by an endoplasm (4 damage)
             ... on level 1 of the Dungeon.
             The game lasted 00:00:25 (51 turns).

Irreverend the Caller (Felid Summoner)                Turns: 51, Time: 00:00:26

Health: -2/7       AC:  1    Str:  4    XL:     1   Next: 16%
Magic:  3/4        EV: 17    Int: 16    God:
Gold:   0          SH:  0    Dex: 16    Spells: 3/4 levels left
                                        Lives:  0   Deaths: 0

rFire   . . .        (weapon unavailable)
rCold   . . .        (shield unavailable)
rNeg    . . .        (body armour unavailable)
rPois   .            (helmet unavailable)
rElec   .            (cloak unavailable)
rCorr   .            (gloves unavailable)
SInv    +            (boots unavailable)
Will    .....        (no amulet)
Stlth   ++           (no ring)
HPRegen 0.21/turn    (no ring)
MPRegen 0.09/turn

%: no passive effects
@: quick
A: very small, claws 1, fangs 3, see invisible, speed 1, shaggy fur 1, stealthy
paws, no weapons or thrown items, no armour, multi-lived
a: no special abilities


You were on level 1 of the Dungeon.
You visited 1 branch of the dungeon, and saw 1 of its levels.

Inventory:

Potions
 a - a potion of magic


   Skills:
 - Level 2.6 Dodging
 - Level 2.6 Stealth
 + Level 2.0 Spellcasting
 + Level 4.0 Summonings


You had 3 spell levels left.
You knew the following spells:

 Your Spells              Type           Power      Damage    Failure   Level
a - Summon Small Mammal   Summ           56%        N/A       4%          1

Your spell library contained the following spells:

 Spells                   Type           Power      Damage    Failure   Level
 Call Imp                 Summ           28%        N/A       6%          2
 Call Canine Familiar     Summ           14%        N/A       12%         3
 Summon Guardian Golem    Hex/Summ       8%         N/A       26%         3
 Summon Lightning Spire   Summ/Air       8%         N/A       65%         4


Dungeon Overview and Level Annotations

Branches:
Dungeon (1/15)

Altars:


Innate Abilities, Weirdness & Mutations

You have sharp claws.
You have razor-sharp teeth.
You have supernaturally acute eyesight. (SInv)
You cover ground quickly. (Speed+)
You are covered in fur. (AC +1)
Your paws help you pounce on unaware monsters.
You are incapable of wielding weapons or throwing items.
You cannot wear armour.
You gain extra lives every three experience levels.


Message History

You enter the shallow water.
Moving in this stuff is going to be slow.
You enter the shallow water.
Moving in this stuff is going to be slow.
An endoplasm comes into view.
The endoplasm quivers.
Casting: Summon Small Mammal (safe; 4% risk of failure)
Confirm with . or Enter, or press ? or * to list all spells.
Casting: Summon Small Mammal (safe; 4% risk of failure)
Confirm with . or Enter, or press ? or * to list all spells.
Casting: Summon Small Mammal (safe; 4% risk of failure)
Confirm with . or Enter, or press ? or * to list all spells.
Your bat disappears in a puff of smoke!
You swap places.
You swap places.
Your bat hits the endoplasm but does no damage.
The endoplasm misses your bat.
Your bat hits the endoplasm.
An endoplasm comes into view.
The endoplasm quivers.
Your bat hits the endoplasm but does no damage.
Your bat hits the endoplasm but does no damage.
Found a scroll labelled NEMAOP ZORAN.
Your quokka bites the endoplasm.
Your bat hits the endoplasm. The endoplasm barely misses you.
Your quokka bites the endoplasm.
Your bat hits the endoplasm but does no damage.
The endoplasm closely misses your bat.
Your quokka bites the endoplasm.
Your bat hits the endoplasm.
The endoplasm dies!
You swap places.
The endoplasm freezes you.
You are frozen.
Ouch! That really hurt!
* * * LOW HITPOINT WARNING * * *
Your bat hits the endoplasm.
Your quokka barely misses the endoplasm.
The endoplasm freezes you.
You are frozen.
Ouch! That really hurt!
You die...

....# #..........
#...#
#............?
#...#
#............ ###
#...# #...........
~~## #...#
#.......... .~~#
#...###..........
# ..~#
##......r####.##.#
~.~#
#..#####.J..#....#
~.~#
##.###...@b.....##
~.~# #..#
#...........# ..~#
#.## #...........#
.~~# ##.#
#............+
~~~####..#
#..........###
~~.#....##
#..........#
..8..####
#..........#
##...#
#..........#
....##
#..........#


You could see an endoplasm (ally target), a friendly quokka (summoned) and a
friendly bat (summoned).

Vanquished Creatures (collateral kills)
  An endoplasm (D:1)
1 creature vanquished.

Notes
Turn   | Place    | Note
-------+----------+-------------------------------------------
     0 | D:1      | Irreverend the Felid Summoner began the quest for the Orb.
     0 | D:1      | Reached XP level 1. HP: 7/7 MP: 4/4
    51 | D:1      | Frozen to death by an endoplasm

Illustrated notes

Levels and vault maps discovered:
D:1:      psy_arrival_whirlpool, layout_basic, minmay_rat_gold_closets

Action                     || total
---------------------------++-------
   Cast: Summon Small Mamm ||     3
  Dodge: Dodged            ||     1
